 Dungeon Crawl Stone Soup version 0.22.1-1-ga44c0e5 (webtiles) character file.

1148 brandon the Conjurer (level 8, -5/43 HPs)
             Began as a Deep Elf Fire Elementalist on Oct 8, 2018.
             Was a Follower of Vehumet.
             Slain by an orc warrior
             ... wielding a +0 scimitar
              (17 damage)
             ... on level 5 of the Dungeon.
             The game lasted 00:15:35 (6804 turns).

brandon the Conjurer (Deep Elf Fire Elementalist)   Turns: 6804, Time: 00:15:36

Health: -5/43      AC:  6    Str:  5    XL:     8   Next: 15%
Magic:  4/20       EV: 12    Int: 23    God:    Vehumet [*.....]
Gold:   87         SH:  0    Dex: 15    Spells: 2/20 levels left

rFire    . . .     SeeInvis +   r - +8 frozen axe "Frostbite" {freezing cloud, *Noise +Fly rC+}
rCold    + + .     Gourm    .   (shield currently unavailable)
rNeg     . . .     Faith    .   v - +1 leather armour {rC+}
rPois    .         Spirit   .   y - +1 hat
rElec    .         Reflect  .   d - +0 cloak
rCorr    .         Harm     .   (no gloves)
MR       .....                  (no boots)
Stlth    ++........             w - amulet of rage
HPRegen  0.14/turn              t - ring of see invisible
MPRegen  0.17/turn              (no ring)

@: no status effects
A: no striking features
a: Renounce Religion, Evoke Berserk Rage, Evoke Flight


You were on level 5 of the Dungeon.
You worshipped Vehumet.
Vehumet was aware of your devotion.
You were not hungry.

You visited 1 branch of the dungeon, and saw 6 of its levels.
You also visited: Sewer.

You collected 274 gold pieces.
You spent 187 gold pieces at shops.

Inventory:

Hand Weapons
 r - the +8 frozen axe "Frostbite" (weapon) {freezing cloud, *Noise +Fly rC+}
   (You took it off an orc on level 5 of the Dungeon)

   It has been specially enchanted to freeze those struck by it, causing extra
   injury to most foes and up to half again as much damage against particularly
   susceptible opponents.
   It can also slow down cold-blooded creatures.
   It protects you from cold.
   It lets you fly.
   It may make noises in combat.
Armour
 d - a +0 cloak (worn)
 v - a +1 leather armour of cold resistance (worn)
 y - a +1 hat (worn)
 D - a +0 shield
Jewellery
 t - a ring of see invisible (left hand)
 w - an amulet of rage (around neck)
Wands
 n - a wand of random effects (24)
 C - a wand of flame (20)
Scrolls
 e - a scroll of amnesia {unknown}
 f - a scroll of noise
 i - a scroll of fear
 j - 5 scrolls of remove curse
 k - a scroll of random uselessness {unknown}
 l - 3 scrolls of blinking
 m - 2 scrolls of magic mapping {unknown}
 s - 2 scrolls of teleportation {unknown}
 B - a scroll of enchant armour {unknown}
Potions
 a - a potion of haste
 b - a potion of heal wounds {unknown}
 g - 2 potions of brilliance {unknown}
 h - a potion of cancellation {unknown}
 o - a potion of flight {unknown}
 p - a potion of degeneration {unknown}
 q - 2 potions of might {unknown}
 u - 2 potions of curing {unknown}
 x - a potion of mutation {unknown}
 z - a potion of agility
 A - a potion of lignification
Comestibles
 c - 6 rations


   Skills:
 + Level 1.2 Fighting
 - Level 2.4 Dodging
 - Level 2.4 Stealth
 + Level 6.8 Spellcasting
 + Level 7.0 Conjurations
 + Level 2.2 Hexes
 + Level 6.1 Fire Magic


You had 2 spell levels left.
You knew the following spells:

 Your Spells              Type           Power        Failure   Level  Hunger
a - Flame Tongue          Conj/Fire      #####        1%          1    None
b - Throw Flame           Conj/Fire      #####.       1%          2    None
c - Conjure Flame         Conj/Fire      #####...     2%          3    None
d - Sticky Flame          Conj/Fire      #####...     9%          4    ###....
e - Fireball              Conj/Fire      #####.....   24%         5    #####..
f - Tukima's Dance        Hex            ###.....     16%         3    None

Your spell library contained the following spells:

 Spells                   Type           Power        Failure   Level  Hunger
 Freeze                   Ice            #...         13%         1    None
 Corona                   Hex            ###....      5%          1    None
 Ensorcelled Hibernation  Hex/Ice        ##....       13%         2    None
 Dazzling Spray           Conj/Hex       ####..       6%          3    None
 Inner Flame              Hex/Fire       ####....     7%          3    None
 Confuse                  Hex            ###.....     16%         3    None


Dungeon Overview and Level Annotations

Branches:
Dungeon (6/15)
 Temple: D:4-7

Altars:
Cheibriados
Trog
Vehumet
Wu Jian
Xom

Shops:
D:5 !


Message History

Things that are here:
2 tomahawks; a worker ant corpse
There is a stone staircase leading up here.
The orc warrior barely misses you.
You climb upwards.
There is a stone staircase leading down here.
Unknown command.
Casting: Flame Tongue (safe; 1% risk of failure)
Confirm with . or Enter, or press ? or * to list all spells.
Aiming: Flame Tongue (safe; 1% risk of failure)
Press: ? - help, Shift-Dir - straight line, f - orc warrior
Aim: an orc warrior, wielding a scimitar and wearing a plate armour (almost The flame tongue hits the orc warrior.
The orc warrior appears unharmed.
The orc warrior is almost dead.
The orc warrior completely misses you.
Unknown command.
You closely miss the orc warrior.
The orc warrior is almost dead.
The orc warrior hits you with a scimitar!
You die...

.....##
#..#
......#
#..#
......#
##.#####
......#
#.##..#
.)....#
#.#...#
......#
#.....#
......#
#.....#
.....##
#...o.#
.....#
##....@#
....##
#......#
....#
#.....##
...##
#....##
...#
##..##
#.##
#..# ###
#..##
##..#
#..#


You could see an orc warrior.

Vanquished Creatures
  2 phantoms
  2 ogres (D:4)
  A crocodile (Sewer)
  A gnoll sergeant (D:4)
  A howler monkey (D:4)
  A crimson imp (D:5)
  A hound (D:4)
  2 jellies (D:5)
  An orc priest (D:3)
  4 orc wizards
  Jessica (D:2)
  An iguana (D:4)
  Natasha (D:2)
  A worker ant (D:6)
  8 gnolls
  5 adders
  A river rat (D:3)
  An ooze (D:2)
  4 worms
  2 dart slugs
  5 leopard geckos
  20 orcs
  11 bats
  7 giant cockroaches
  4 goblins
  9 hobgoblins
  10 jackals
  4 quokkas
  2 frilled lizards (D:2)
  10 kobolds
  5 rats
128 creatures vanquished.

Notes
Turn   | Place    | Note
-------+----------+-------------------------------------------
     0 | D:1      | brandon the Deep Elf Fire Elementalist began the quest for
                  | the Orb.
     0 | D:1      | Reached XP level 1. HP: 10/10 MP: 6/6
   153 | D:1      | Reached XP level 2. HP: 15/15 MP: 6/8
   160 | D:1      | Learned a level 2 spell: Throw Flame
   334 | D:1      | Reached skill level 2 in Conjurations
  1184 | D:2      | Noticed Natasha
  1197 | D:1      | Reached XP level 3. HP: 15/19 MP: 3/10
  1202 | D:1      | Learned a level 3 spell: Conjure Flame
  1261 | D:2      | Noticed Jessica
  1266 | D:2      | Killed Jessica
  1266 | D:2      | Reached skill level 3 in Conjurations
  1604 | D:2      | Reached XP level 4. HP: 24/24 MP: 3/11
  1610 | D:2      | Learned a level 4 spell: Sticky Flame
  1753 | D:2      | Noticed a phantom
  2367 | D:2      | Killed Natasha
  2834 | D:2      | Killed a phantom
  2834 | D:2      | Reached skill level 4 in Conjurations
  2834 | D:2      | Reached XP level 5. HP: 16/28 MP: 2/14
  3106 | D:3      | Found a snail-covered altar of Cheibriados.
  3106 | D:3      | Found an ornate altar of the Wu Jian Council.
  3107 | D:3      | Found a radiant altar of Vehumet.
  3117 | D:3      | Became a worshipper of Vehumet
  3159 | D:3      | Found a shimmering altar of Xom.
  3350 | D:3      | Found a glowing drain.
  3359 | D:3      | Reached XP level 6. HP: 17/32 MP: 4/15
  3363 | D:3      | Reached skill level 5 in Spellcasting
  3442 | Sewer    | Entered a sewer
  3752 | Sewer    | Learned a level 5 spell: Fireball
  3807 | Sewer    | Reached skill level 5 in Conjurations
  4165 | D:3      | Reached skill level 5 in Fire Magic
  4450 | D:3      | Reached * piety under Vehumet
  4450 | D:3      | Offered knowledge of Freeze by Vehumet.
  4700 | D:4      | Reached XP level 7. HP: 36/36 MP: 10/17
  4829 | D:4      | Reached skill level 6 in Conjurations
  5295 | D:4      | Learned a level 3 spell: Tukima's Dance
  5416 | D:4      | Reached skill level 1 in Hexes
  5570 | D:4      | Found a bloodstained altar of Trog.
  5687 | D:5      | Entered Level 5 of the Dungeon
  5914 | D:5      | Reached skill level 1 in Fighting
  5914 | D:5      | Reached XP level 8. HP: 35/43 MP: 2/19
  6021 | D:5      | Found Aginufuc's Distillery.
  6029 | D:5      | Bought a potion of haste for 110 gold pieces
  6029 | D:5      | Bought a potion of agility for 44 gold pieces
  6029 | D:5      | Bought a potion of lignification for 33 gold pieces
  6783 | D:6      | Reached skill level 7 in Conjurations
  6804 | D:5      | Slain by an orc warrior

Skill      XL: |  1  2  3  4  5  6  7  8 |
---------------+-------------------------+-----
Conjurations   | 2 3 4 5 6 7 |  7.0
Spellcasting   | 4 5 6 |  6.8
Fire Magic     | 4 5 6 |  6.1
Hexes          | 1 2 |  2.2
Fighting       | 1 |  1.2
Dodging        | |  2.4
Stealth        | |  2.4

Action                   |  1- 3 |  4- 6 |  7- 9 || total
-------------------------+-------+-------+-------++-------
Melee: Club              |       |    26 |     6 ||    32
       Executioner's axe |       |       |    10 ||    10
       Morningstar       |       |       |     3 ||     3
 Cast: Flame Tongue      |    38 |    98 |    57 ||   193
       Throw Flame       |    16 |    32 |    15 ||    63
       Sticky Flame      |       |    10 |     4 ||    14
       Conjure Flame     |       |     1 |       ||     1
       Fireball          |       |       |     3 ||     3
  Use: Scroll            |       |     4 |     1 ||     5
       Potion            |       |     2 |       ||     2
  Eat: Chunk             |     3 |    11 |     5 ||    19
       Ration            |       |       |     1 ||     1
Armor: Robe              |     4 |     9 |     1 ||    14
       Skin              |       |    52 |       ||    52
       Leather armour    |       |       |     2 ||     2
Dodge: Dodged            |    11 |    51 |    21 ||    83
